 Dungeon Crawl Stone Soup version 0.19.1-1-g22dce08 (webtiles) character file.

3965 Gargoyl the Cleaver (level 10, -4/84 HPs)
             Began as a Ghoul Abyssal Knight on Jan 9, 2017.
             Was a High Priest of Lugonu.
             Slain by a crocodile (14 damage)
             ... on level 1 of the Lair of Beasts.
             The game lasted 00:17:22 (7342 turns).

Gargoyl the Cleaver (Ghoul Abyssal Knight)          Turns: 7342, Time: 00:17:23

Health: -4/84      AC: 13    Str: 17    XL:     10   Next: 22%
Magic:  13/13      EV: 13    Int:  7    God:    Lugonu [*****.]
Gold:   205        SH:  4    Dex: 11    Spells: 0 memorised, 9 levels left

rFire  . . .     SeeInvis .     J - +5 war axe (flame)
rCold  + + .     Gourm    .     e - +4 troll leather armour of Honour {rElec Regen+}
rNeg   + + +     Faith    .     n - +0 buckler
rPois  ∞         Spirit   .     (no helmet)
rElec  +         Reflect  .     t - +0 cloak
rCorr  .         Harm     .     (no gloves)
MR     +....                    A - +2 pair of boots
Stlth  +.........               (no amulet)
                                I - ring of protection from cold
                                B - ring of protection from magic

@: rotting
A: rotting body, claws 1, carnivore 3, cold resistance 1, negative energy
resistance 3, slow regeneration 1, torment resistance, unbreathing
a: Depart the Abyss, Bend Space, Banish, Corrupt, Enter the Abyss, Renounce
Religion


You were on level 1 of the Lair of Beasts.
You worshipped Lugonu.
Lugonu was extremely pleased with you.
You were not hungry.

You visited 2 branches of the dungeon, and saw 9 of its levels.
You visited the Abyss 1 time.
You also visited: Ossuary.

You collected 480 gold pieces.
You spent 275 gold pieces at shops.

Inventory:

Hand Weapons
 a - a +1 hand axe
 G - a +0 morningstar
 J - a +5 war axe of flaming (weapon)
 P - a +0 war axe
Missiles
 F - 3 tomahawks (quivered)
Armour
 e - the +4 troll leather armour of Honour (worn) {rElec Regen+}
   (You found it on level 2 of the Abyss)

   It insulates you from electricity.
   It increases your rate of regeneration.
 i - a +0 plate armour
 n - a +0 buckler (worn)
 t - a +0 cloak (worn)
 A - a +2 pair of boots (worn)
Jewellery
 j - an uncursed amulet of faith {unknown}
 q - an uncursed ring of flight
 B - a ring of protection from magic (left claw)
 I - a ring of protection from cold (right claw)
Wands
 s - a wand of confusion (13/48)
 C - a wand of disintegration (10/24)
 E - a wand of lightning (5/15)
 K - a wand of heal wounds (0/9)
Scrolls
 d - 7 scrolls of teleportation
 g - 2 scrolls of noise
 h - 10 scrolls of identify
 o - 2 scrolls of magic mapping
 p - 6 scrolls of remove curse
 u - a scroll of immolation {unknown}
 v - a scroll of enchant weapon {unknown}
 w - a scroll of amnesia {unknown}
 x - 2 scrolls of random uselessness {unknown}
 y - 3 scrolls of recharging {unknown}
 D - 3 scrolls of fear {unknown}
Potions
 f - a potion of haste
 k - 3 potions of curing
 m - 2 potions of flight
 r - a potion of cancellation
 z - 3 potions of agility
 H - 2 potions of brilliance
 L - a potion of degeneration {unknown}
 M - a potion of invisibility {unknown}
Books
 N - a book of Callings

   Spells                             Type                      Level
   a - Summon Small Mammal            Summoning                    1
   b - Call Imp                       Summoning                    2
   c - Call Canine Familiar           Summoning                    3
   d - Summon Guardian Golem          Hexes/Summoning              3
   e - Summon Lightning Spire         Summoning/Air                4
   f - Summon Ice Beast               Ice/Summoning                4
Comestibles
 b - a royal jelly
 c - 4 meat rations
 l - a slice of pizza
 O - 5 chunks of flesh


   Skills:
 + Level 6.3 Fighting
 + Level 8.2 Axes
 * Level 5.9 Armour
 + Level 4.5 Dodging
 + Level 2.9 Shields
 * Level 6.4 Invocations
 + Level 0.3 Evocations


You had 9 spell levels left.
You didn't know any spells.

Dungeon Overview and Level Annotations

Branches:
Dungeon (8/15)             Temple (0/1) D:7            Lair (1/6) D:8

Altars:
Cheibriados
Elyvilon
Fedhas
Hepliaklqana
Makhleb
Okawaru
Qazlal
Ru
Xom
Yredelemnul
Zin

Shops:
D:7 (

Annotations:
Abyss:1 Joseph


Innate Abilities, Weirdness & Mutations

Your body is rotting away.
You thrive on raw meat.
You are immune to poison.
You have sharp fingernails.
You are carnivorous and can eat meat at any time.
Your flesh is cold resistant. (rC+)
You are immune to negative energy. (rN+++)
You regenerate slowly when monsters are visible.
You are immune to unholy pain and torment.
You can survive without breathing.


Message History

You hit the crocodile. You burn the crocodile.
The crocodile closely misses you. The spiny frog stings you!!
* * * LOW HITPOINT WARNING * * *
You hit the spiny frog. You burn the spiny frog.
The spiny frog is severely wounded.
You hit the crocodile. You burn the crocodile.
The crocodile bites you but does no damage.
The spiny frog stings you.
* * * LOW HITPOINT WARNING * * *
You hit the spiny frog but do no damage.
The spiny frog is severely wounded.
You hit the crocodile. You burn the crocodile.
You block the crocodile's attack. The spiny frog misses you.
Unknown command.
You slash the spiny frog! You burn the spiny frog.
The spiny frog is almost dead.
You hit the crocodile. You burn the crocodile.
The spiny frog stings you but does no damage.
The crocodile bites you!
You die...

##P..###.# ##...##..#
#. #......#.# ##.
##...#........... #
#.#.####...##... ##P
# ##..# ###.# #..
...... ##.## .###..
#.#..# #..#
.##..##t..#### #.##
#.# #..@F...... ##.#
##%# #>.#...#P#> #P.#
#..###.###.## #..#
#......# .# ##.##
##..###.# # . ##.P#
#P..###.#.# .# #..##
#..##...#...# ###.##
##............
.....###P.###...###.#


You could see a spiny frog and a crocodile.

Vanquished Creatures
  The ghost of BlackAndWhite the Carver, a novice HuGl of Nemelex Xobeh (D:7)
  A hornet (D:8)
  A hippogriff (D:8)
  Duvessa (D:5)
  A water moccasin (Lair:1)
  A porcupine (Lair:1)
  A black bear (D:7)
  An ogre (D:8)
  2 ice beasts
  A crocodile (Lair:1)
  5 bullfrogs
  4 elf zombies (Ossuary)
  Dowan (D:5)
  2 scorpions
  2 crimson imps
  2 centaur zombies (Ossuary)
  4 orc priests
  3 hounds (D:6)
  A human zombie (Ossuary)
  2 bullfrog skeletons (D:7)
  3 iguanas
  4 orc wizards
  6 worker ants
  A killer bee zombie (D:6)
  A big kobold zombie (Ossuary)
  2 hound zombies (Ossuary)
  3 mummies (Ossuary)
  3 worker ant zombies
  7 gnolls
  5 adders
  2 shadow imps (D:6)
  3 adder zombies
  2 adder skeletons
  3 worms (D:2)
  2 dart slugs (D:1)
  3 leopard geckos
  22 orcs
  3 ball pythons
  10 bats
  5 giant cockroaches
  4 gnoll zombies
  3 goblins
  8 hobgoblins
  9 jackals
  A quokka (D:2)
  3 frilled lizards
  2 goblin zombies (Ossuary)
  5 hobgoblin zombies (Ossuary)
  8 jackal zombies (Ossuary)
  10 kobolds
  A leopard gecko zombie (D:5)
  An orc zombie (Ossuary)
  A quokka skeleton (D:7)
  A quokka zombie (D:8)
  7 rats
  3 rat zombies (Ossuary)
194 creatures vanquished.

Vanquished Creatures (others)
  A hippogriff (D:7)
1 creature vanquished.

Grand Total: 195 creatures vanquished

Notes
Turn   | Place    | Note
-------+----------+-------------------------------------------
     0 | Abyss:1  | Gargoyl the Ghoul Abyssal Knight began the quest for the Orb.
     0 | Abyss:1  | Reached XP level 1. HP: 19/19 MP: 1/1
    24 | Abyss:2  | Got a distressingly furry troll leather armour
    35 | Abyss:2  | Identified the +4 troll leather armour of Honour {rElec Regen+} (You found it on level 2 of the Abyss)
    66 | Abyss:2  | Noticed a storm dragon skeleton
    74 | Abyss:2  | Noticed a smoke demon
    77 | D:1      | Escaped the Abyss
   309 | D:1      | Reached XP level 2. HP: 26/26 MP: 2/2
   338 | D:1      | Reached * piety under Lugonu
   341 | D:1      | Reached skill level 2 in Axes
   579 | D:1      | Reached XP level 3. HP: 32/33 MP: 3/3
   897 | D:2      | Found a white marble altar of Elyvilon.
   941 | D:2      | Found an iron altar of Okawaru.
  1384 | D:2      | Reached ** piety under Lugonu
  1477 | D:2      | Found a shimmering altar of Xom.
  1479 | D:2      | Found a hazy altar of Hepliaklqana.
  1479 | D:2      | Found a glowing silver altar of Zin.
  1486 | D:2      | Found a burning altar of Makhleb.
  1486 | D:2      | Found a sacrificial altar of Ru.
  1486 | D:2      | Found a basalt altar of Yredelemnul.
  1717 | D:3      | Reached XP level 4. HP: 35/40 MP: 4/4
  1719 | D:3      | Reached skill level 1 in Dodging
  1912 | D:3      | Reached skill level 3 in Axes
  1944 | D:3      | Reached XP level 5. HP: 40/46 MP: 4/6
  2207 | D:3      | Found a basalt altar of Yredelemnul.
  2505 | D:4      | Found a snail-covered altar of Cheibriados.
  2652 | D:4      | Found a blossoming altar of Fedhas.
  3047 | D:4      | HP: 2/45 [iguana (4)]
  3078 | D:4      | Reached XP level 6. HP: 30/52 MP: 7/7
  3478 | D:4      | Reached *** piety under Lugonu
  3485 | D:4      | Reached skill level 1 in Shields
  3624 | D:5      | Entered Level 5 of the Dungeon
  3782 | D:5      | Reached skill level 4 in Axes
  3841 | D:5      | Noticed an ice beast
  3869 | D:5      | Killed an ice beast
  3869 | D:5      | Reached XP level 7. HP: 55/59 MP: 8/8
  4094 | D:5      | Noticed Duvessa
  4095 | D:5      | Noticed Dowan
  4120 | D:5      | Killed Duvessa
  4157 | D:5      | Killed Dowan
  4196 | D:5      | Found a hazy altar of Hepliaklqana.
  4393 | D:6      | Reached skill level 5 in Axes
  4531 | D:6      | Reached XP level 8. HP: 61/65 MP: 9/9
  4683 | D:6      | Found a stormy altar of Qazlal.
  4685 | D:6      | Noticed an air elemental
  4686 | D:6      | Noticed a water elemental
  5375 | D:7      | Noticed BlackAndWhite's ghost (novice HuGl)
  5447 | D:7      | Killed BlackAndWhite's ghost
  5447 | D:7      | Reached **** piety under Lugonu
  5447 | D:7      | Reached skill level 5 in Fighting
  5447 | D:7      | Reached skill level 6 in Axes
  5447 | D:7      | Reached skill level 5 in Invocations
  5447 | D:7      | Reached XP level 9. HP: 30/74 MP: 11/11
  5495 | D:7      | Found a staircase to the Ecumenical Temple.
  5650 | D:7      | Found Cuena's Antique Weapon Boutique.
  5668 | D:7      | Bought a glowing war axe for 275 gold pieces
  5709 | D:7      | Reached skill level 5 in Armour
  5794 | D:7      | Got a brightly glowing cloak
  5811 | D:7      | Identified the +3 cloak of Beisus {+Fly rN++ Str-2} (You found it on level 7 of the Dungeon)
  5963 | D:8      | Noticed Joseph
  6023 | D:8      | HP: 3/75 [Joseph/uncursed quarterstaff of holy wrath (12)]
  6023 | D:8      | HP: 1/75 [Joseph/uncursed quarterstaff of holy wrath (2)]
  6024 | D:8      | Banished Joseph
  6215 | D:8      | Reached skill level 7 in Axes
  6216 | D:8      | Found a sand-covered staircase.
  6236 | Ossuary  | Entered an ossuary
  6666 | D:8      | Found a staircase to the Lair.
  7004 | D:8      | Reached XP level 10. HP: 73/83 MP: 13/13
  7038 | D:8      | Reached skill level 8 in Axes
  7235 | Lair:1   | Entered Level 1 of the Lair of Beasts
  7314 | Lair:1   | Reached ***** piety under Lugonu
  7333 | Lair:1   | Noticed a spiny frog
  7342 | Lair:1   | Slain by a crocodile

Skill      XL: |  1  2  3  4  5  6  7  8  9 10 |
---------------+-------------------------------+-----
Armour         | 2 3 4 5 |  5.9
Axes           | 2 3 4 5 6 7 8 |  8.2
Fighting       | 4 5 6 |  6.3
Dodging        | 1 2 3 4 |  4.5
Invocations    | 3 5 6 |  6.4
Shields        | 1 2 |  2.9
Evocations     | |  0.3

Action                   |  1- 3 |  4- 6 |  7- 9 | 10-12 || total
-------------------------+-------+-------+-------+-------++-------
Melee: Hand axe          |   169 |   272 |   347 |       ||   788
       War axe           |       |       |   166 |    31 ||   197
Throw: Tomahawk          |       |       |     1 |       ||     1
Invok: Depart the Abyss  |     1 |       |       |       ||     1
       Banish            |       |       |     2 |       ||     2
Evoke: Wand              |       |       |     3 |       ||     3
  Use: Scroll            |     3 |     3 |     7 |       ||    13
       Potion            |       |     8 |       |       ||     8
  Eat: Chunk             |    17 |    23 |    35 |     5 ||    80
Armor: Troll leather arm |    90 |   116 |   248 |     6 ||   460
Dodge: Dodged            |    98 |   136 |   311 |    17 ||   562
Block: Buckler           |    13 |    40 |    92 |     6 ||   151
